Map: Dusk Towers

Players

SaltySally - Winner!

  • Race: Terran Terran
  • League: Master

Miszu

  • Race: Terran Terran
  • League: Master

VOD

Have the link to the VOD?

Description

Time

  • Played on: May 1, 2016, 3:25 p.m.
  • Length: 11:50
Show
View Real Time Build Order
Export as new Build Order

SaltySally Terran - Winner!

Build Orders: Reaper Expand 

Get SALT Encoding   

  12  0:00  SCV  
  13  0:12  SCV  
  14  0:18  Supply Depot  
  14  0:25  SCV  
  15  0:40  Barracks, SCV  
  16  0:44  Refinery  
  16  0:52  SCV  
  17  1:04  SCV  
  18  1:16  SCV  
  19  1:28  Orbital Command  
  19  1:29  Reaper  
  20  1:46  Command Center  
  20  1:54  SCV  
  21  1:57  Supply Depot  
  21  2:03  Marine  
  21  2:06  SCV  
  23  2:12  Factory  
  23  2:19  SCV  
  23  2:20  Marine  
  25  2:24  Bunker  
  25  2:31  SCV  
  25  2:32  Refinery  
  26  2:40  Barracks Reactor  
  26  2:43  SCV  
  27  2:55  SCV  
  27  2:57  Hellion  
  30  2:59  Starport  
  30  3:01  Orbital Command  
  30  3:09  SCV  
  31  3:16  Marine x2  
  31  3:19  Hellion  
  35  3:21  SCV  
  36  3:28  SCV  
  36  3:33  SCV  
  36  3:34  Marine x2  
  38  3:37  Viking  
  38  3:40  SCV  
  43  3:43  Hellion  
  43  3:45  SCV  
  46  3:50  Supply Depot  
  46  4:04  Factory Tech Lab  
  46  4:11  Marine x2, SCV x2  
  50  4:19  Supply Depot  
  50  4:23  SCV  
  44  4:26  SCV  
  44  4:29  Medivac  
  44  4:30  Siege Tank  
  47  4:35  Marine x2  
  47  4:36  SCV  
  50  4:38  Command Center  
  50  4:39  SCV  
  51  4:46  Engineering Bay  
  51  4:48  SCV  
  51  4:51  SCV  
  53  5:00  SCV  
  53  5:03  SCV  
  55  5:12  SCV, Missile Turret  
  55  5:14  Missile Turret  
  56  5:15  SCV  
  56  5:20  Missile Turret  
  55  5:21  Viking  
  55  5:22  Viking  
  55  5:24  SCV  
  55  5:27  SCV  
  53  5:36  SCV  
  53  5:39  Marine, SCV  
  56  5:48  SCV  
  56  5:51  Viking, SCV  
  59  5:57  Marine, SCV  
  59  6:00  Refinery, SCV  
  59  6:01  Refinery  
  62  6:05  SCV  
  62  6:09  SCV  
  64  6:12  SCV  
  64  6:15  Marine  
  63  6:31  Medivac  
  65  6:33  Marine  
  65  6:40  Orbital Command  
  65  6:41  Medivac  
  65  6:47  SCV  
  68  6:49  Barracks  
  68  6:50  Barracks  
  68  6:51  Barracks  
  68  6:52  Barracks Tech Lab  
  68  6:55  SCV  
  68  6:59  SCV  
  68  7:00  Refinery  
  70  7:07  SCV  
  71  7:10  Marine, Siege Tank  
  71  7:11  SCV x2  
  71  7:13  Supply Depot  
  77  7:18  Stimpack  
  77  7:24  SCV  
  77  7:27  Marine  
  77  7:28  SCV  
  81  7:33  Terran Infantry Weapons Level 1  
  81  7:35  Orbital Command  
  80  7:39  Barracks Reactor x2  
  80  7:40  Barracks Reactor  
  80  7:44  SCV  
  80  7:45  Marine, SCV  
  80  7:48  Supply Depot  
  82  8:03  Marine  
  81  8:05  SCV  
  81  8:06  SCV  
  81  8:11  Viking x2, Siege Tank  
  89  8:14  Supply Depot  
  89  8:17  Factory  
  89  8:19  Marine x4  
  90  8:20  Marine x2  
  90  8:21  Marine  
  90  8:25  Supply Depot x2  
  96  8:31  SCV  
  96  8:32  SCV x2  
  99  8:37  Marine x3  
  99  8:39  Marine  
  103  8:41  Supply Depot  
  103  8:42  Engineering Bay  
  103  8:43  SCV  
  103  8:44  SCV x2  
  103  8:46  Armory  
  103  8:47  Missile Turret  
  106  8:50  Medivac  
  106  8:51  Medivac  
  106  8:55  Marine  
  108  8:57  Marine, SCV  
  108  8:58  SCV x2  
  108  9:00  Refinery  
  108  9:01  Refinery  
  108  9:02  Marine x4  
  117  9:03  Factory Tech Lab  
  117  9:07  Missile Turret  
  117  9:13  Marine x2  
  117  9:14  Marine, Terran Infantry Armor Level 1  
  117  9:16  SCV x2  
  122  9:20  Siege Tank  
  122  9:21  Medivac x2  
  122  9:23  SCV  
  130  9:28  SCV  
  130  9:30  Supply Depot x2  
  129  9:38  Combat Shields  
  129  9:39  Marine  
  129  9:41  Marine  
  111  10:00  Marine  
  111  10:01  Marine  
  111  10:03  Marine x2  
  111  10:05  Marine  
  114  10:07  Marine  
  114  10:08  Marine  
  114  10:09  Siege Tank x2  
  122  10:14  Command Center  
  122  10:15  SCV  
  122  10:18  Marine, Barracks  
  122  10:19  Marine  
  122  10:20  Marine  
  122  10:21  Marine  
  127  10:23  Marine  
  127  10:25  Marine x2  
  130  10:31  Medivac  
  132  10:35  Marine  
  132  10:37  Marine  
  132  10:38  Marine  
  132  10:40  SCV  
  132  10:41  Barracks, Siege Tank  
  139  10:45  Marine  
  139  10:47  Marine x2, Barracks  
  139  10:48  Barracks  
  139  10:49  Marine  
  143  10:53  Marine  
  143  10:54  Marine  
  143  10:56  Marine  
  146  11:03  Marine  
  147  11:05  Marine x2  
  147  11:07  Barracks Reactor, Marine  
  150  11:11  Marine  
  150  11:14  SCV  
  150  11:18  Marine  
  153  11:20  Marine  
  157  11:26  Marauder  
  157  11:31  Marine  
Show
View Real Time Build Order
Export as new Build Order

Miszu Terran 

Build Orders: 1/1/1, Bio Tank, Banshee Rush 

Get SALT Encoding   

  12  0:00  SCV  
  13  0:13  SCV  
  14  0:19  Supply Depot  
  14  0:25  SCV  
  15  0:34  Refinery  
  15  0:41  SCV  
  16  0:46  Barracks  
  16  0:53  SCV  
  17  0:59  Refinery  
  17  1:05  SCV  
  18  1:17  SCV  
  19  1:29  SCV  
  20  1:34  Factory  
  20  1:40  Reaper  
  20  1:43  Orbital Command  
  21  1:53  Supply Depot  
  21  2:10  SCV  
  21  2:14  Reaper  
  23  2:19  Hellion  
  23  2:22  Starport  
  25  2:25  SCV  
  26  2:32  Supply Depot  
  26  2:40  Hellion  
  26  2:41  SCV  
  29  2:47  Reaper  
  30  2:53  SCV  
  31  2:59  Starport Tech Lab  
  31  3:00  Medivac  
  31  3:01  Hellion  
  35  3:21  Barracks Tech Lab  
  35  3:23  Hellion  
  38  3:28  Command Center  
  38  3:33  Supply Depot  
  37  3:36  SCV  
  38  3:46  Factory Tech Lab  
  38  3:49  Barracks Reactor, SCV  
  38  3:50  Cloaking Field  
  39  3:56  Banshee  
  35  4:25  SCV  
  35  4:27  Marine x2  
  35  4:31  Command Center  
  32  4:37  SCV  
  33  4:42  Orbital Command  
  33  4:45  Banshee  
  36  4:50  SCV  
  37  4:56  Siege Tank  
  40  5:02  SCV  
  41  5:12  SCV  
  42  5:14  SCV  
  43  5:24  SCV  
  43  5:26  SCV  
  45  5:36  SCV  
  45  5:38  Marine, SCV  
  45  5:40  Marine, Barracks  
  45  5:41  Barracks, Siege Tank  
  52  5:44  SCV  
  52  5:45  Starport Reactor  
  52  5:48  SCV  
  53  5:50  SCV  
  53  5:56  Marine  
  51  5:58  Marine  
  53  6:11  SCV  
  53  6:13  Siege Tank  
  53  6:14  Marine  
  53  6:16  Marine  
  58  6:23  SCV  
  58  6:24  SCV  
  58  6:31  Marine  
  58  6:34  Marine  
  58  6:38  SCV  
  58  6:39  SCV  
  56  6:41  Stimpack  
  56  6:42  Orbital Command  
  56  6:43  Barracks Tech Lab  
  56  6:46  Refinery  
  55  6:47  Refinery  
  55  6:49  Marine  
  55  6:50  SCV  
  55  6:51  Marine, SCV  
  59  6:58  Medivac x2  
  59  7:00  Siege Tank  
  66  7:02  SCV  
  66  7:04  SCV  
  66  7:07  Marine  
  69  7:09  Marine  
  69  7:13  Orbital Command  
  70  7:15  SCV  
  70  7:17  Marine x2  
  70  7:18  Combat Shields  
  70  7:19  SCV  
  74  7:25  Supply Depot, Marine  
  74  7:27  Marine  
  74  7:28  SCV  
  77  7:41  Barracks  
  77  7:42  Engineering Bay, Barracks  
  77  7:44  Engineering Bay  
  77  7:46  Marine x3, SCV x3  
  77  7:48  Supply Depot  
  83  7:52  Supply Depot  
  81  7:58  SCV x3  
  81  8:00  Marine  
  81  8:04  Marine x3  
  84  8:11  SCV x3  
  85  8:16  Supply Depot  
  85  8:17  Supply Depot  
  85  8:30  Supply Depot  
  85  8:36  Missile Turret  
  85  8:37  SCV x2  
  85  8:40  Barracks Reactor x2  
  87  8:45  Medivac x2  
  91  8:49  SCV x2  
  91  8:52  SCV  
  94  8:58  Terran Infantry Weapons Level 1, Terran Infantry Armor Level 1  
  94  9:01  SCV x2  
  96  9:04  SCV  
  96  9:07  Supply Depot  
  97  9:13  SCV  
  97  9:14  SCV  
  97  9:15  Medivac x2  
  97  9:17  SCV  
  104  9:22  Marine x2  
  106  9:25  SCV  
  106  9:26  Marine x2  
  106  9:27  Refinery, Armory  
  106  9:28  Marine  
  106  9:29  Siege Tank  
  113  9:34  Factory  
  113  9:36  Marine  
  113  9:37  Marine x2  
  116  9:40  Marine  
  117  9:45  Marine  
  117  9:49  Marine  
  117  9:52  Marine x2  
  114  9:54  Marine  
  86  10:02  Marine x3  
  86  10:03  Marine  
  80  10:07  Marine, SCV x2  
  80  10:08  SCV  
  80  10:09  Marine x2  
  80  10:11  Refinery  
  80  10:12  Marine  
  80  10:13  Medivac, Siege Tank  
  92  10:19  SCV  
  92  10:20  Marine x2  
  96  10:21  Marine  
  96  10:22  Factory Tech Lab  
  97  10:28  SCV  
  97  10:29  SCV  
  97  10:31  SCV  
  97  10:32  Marine x3  
  97  10:33  Marine  
  103  10:38  Sensor Tower  
  103  10:40  SCV  
  103  10:41  SCV  
  103  10:42  Siege Tank  
  108  10:43  Medivac  
  108  10:44  SCV  
  108  10:45  Siege Tank  
  114  10:50  Sensor Tower  
  114  10:53  SCV  
  115  10:57  Command Center  
  115  11:00  Marine  
  115  11:13  Medivac  
  117  11:26  Supply Depot  
  117  11:31  Supply Depot  
  117  11:32  Supply Depot  
Tags
 
Add a new tag
Caveats
  • Supply blocks, unpowered buildings, or Contaminate may cause inaccurate times.
  • Supply counts are checked every 10 seconds.